 Dungeon Crawl Stone Soup version 0.29.0-3-gbb0933ed62 (webtiles) character file.

Game seed: 1953809113627768101

5236 zenocrate the Fighter (level 10, -3/92 HPs)
             Began as an Octopode Transmuter on Aug 25, 2022.
             Was an Elder of the Shining One.
             Slain by a death knight
             ... wielding a +0 great sword
              (19 damage)
             ... on level 8 of the Dungeon.
             The game lasted 00:10:09 (10922 turns).

zenocrate the Fighter (Octopode Transmuter)        Turns: 10922, Time: 00:10:10

Health: -3/92      AC:  7    Str: 19    XL:     10   Next: 61%
Magic:  0/13       EV: 14    Int: 17    God:    the Shining One [****..]
Gold:   480        SH:  0    Dex: 12    Spells: 2/13 levels left

rFire   x . .      SeeInvis .     - Unarmed
rCold   + + +      Faith    .   (shield currently unavailable)
rNeg    + + .      Spirit   +   (helmet currently unavailable)
rPois   +          Reflect  .   A - amulet of guardian spirit
rElec   .          Harm     .   c - ring of flight
rCorr   .          Rampage  .   v - +4 ring of evasion
Will    .....                   x - +6 ring of strength
Stlth   +.........              (no ring)
HPRegen 0.25/turn               (no ring)
MPRegen 0.13/turn               (no ring)
                                (no ring)
                                (no ring)

@: ice-form, wereblooded, attractive, flying, hasted, glowing, very quick
A: freezing attack, boosted hp, almost no armour, amphibious, 8 rings, large,
(camouflage 1), (gelatinous body 1), (nimble swimmer 1), (tentacles)
a: End Transformation, Renounce Religion, Divine Shield, Cleansing Flame


You were on level 8 of the Dungeon.
You worshipped the Shining One.
The Shining One was greatly pleased with you.
You were a creature of crystalline ice.
You visited 1 branch of the dungeon, and saw 8 of its levels.
You also visited: Sewer.

You collected 480 gold pieces.

Inventory:

Missiles
 C - 7 javelins
Armour
 k - a +0 kite shield
 D - a +0 buckler
Jewellery
 c - a ring of flight (left front paw)
 v - a +4 ring of evasion (right front paw)
 x - a +6 ring of strength (on tentacle)
 A - an amulet of guardian spirit (around neck)
 H - an amulet of regeneration
Wands
 l - a wand of flame (40)
 m - a wand of iceblast (7)
 p - a wand of charming (15)
 w - a wand of polymorph (8)
 B - a wand of digging (4)
Scrolls
 b - 2 scrolls of vulnerability
 h - 7 scrolls of teleportation
 i - 2 scrolls of magic mapping
 o - 2 scrolls of enchant armour {unknown}
 q - 2 scrolls of brand weapon {unknown}
 t - a scroll of butterflies {unknown}
 y - a scroll of amnesia {unknown}
 z - 2 scrolls of enchant weapon {unknown}
 F - a scroll of torment {unknown}
 G - a scroll of fear
Potions
 d - 3 potions of cancellation
 e - 6 potions of curing
 f - 2 potions of heal wounds
 g - 4 potions of flight
 j - a potion of haste
 n - a potion of mutation
 r - 2 potions of brilliance {unknown}
 s - a potion of invisibility {unknown}
 u - 2 potions of attraction
 E - a potion of resistance


   Skills:
 + Level 10.9 Fighting
 - Level 2.0 Dodging
 - Level 1.7 Stealth
 + Level 7.8 Unarmed Combat
 - Level 2.0 Spellcasting
 - Level 6.1 Transmutations
 - Level 5.2 Ice Magic
 - Level 2.1 Poison Magic


You had 2 spell levels left.
You knew the following spells:

 Your Spells              Type           Power      Damage    Failure   Level
a - Ice Form              Ice/Tmut       21%        N/A       19%         4
b - Wereblood             Tmut           22%        N/A       2%          2
c - Spider Form           Tmut/Pois      15%        N/A       11%         3
d - Beastly Appendage     Tmut           44%        N/A       1%          1
e - Apportation           Tloc           2%         N/A       19%         1

Your spell library contained the following spells:

 Spells                   Type           Power      Damage    Failure   Level
 Necrotise                Necr           4%         1d4       19%         1
 Summon Small Mammal      Summ           4%         N/A       19%         1


Dungeon Overview and Level Annotations

Branches:
Dungeon (8/15)             Temple (0/1) D:4           Sewer (visited)
   Lair: D:8-11

Altars:
Cheibriados
Hepliaklqana
Makhleb
Okawaru
Sif Muna
Uskayaw
Vehumet
Wu Jian
The Shining One


Innate Abilities, Weirdness & Mutations

You are a creature of crystalline ice.
You have a powerful freezing melee attack.
Your maximum health is increased.
Your armour is entirely melded.
You are incapable of wielding weapons or throwing items.
You cannot wear most types of armour.
You are amphibious.
You can wear up to eight rings at the same time.
((Your skin changes colour to match your surroundings (Stealth+).))
((Your rubbery body absorbs attacks. (AC +1, EV +1)))
((You are camouflaged when in or above water. (Stealth+)))
((You have tentacles for arms and can constrict up to eight enemies at once.))


Message History

You hit the wyvern. You freeze the wyvern.
The wyvern is lightly wounded.
The wyvern barely misses you.
It was a potion of attraction.
You feel attractive to monsters.
The wyvern bites you but does no damage.
The wyvern bites you!
You feel yourself speed up.
A kobold brigand comes into view.
It is wielding a +0 short sword and quivering poisoned darts.
The wyvern misses you.
The death knight offers itself to Yredelemnul, and fills with unholy energy.
The kobold brigand is attracted toward you.
The kobold brigand shouts!
You hit the wyvern. You freeze the wyvern.
The wyvern is lightly wounded.
You hear a shout!
The wyvern closely misses you.
You pummel the wyvern!! You freeze the wyvern.
You feel a bit better.
You kill the wyvern!
The orc wizard mumbles some strange words.
The orc wizard flickers and vanishes for a moment.
You pummel the death knight!! You freeze the death knight!
The death knight is moderately wounded.
The death knight reflects your damage back at you!
* * * LOW HITPOINT WARNING * * *
You howl as the wereblood boils in your veins!
Unknown command.
You feel much better.
The death knight hits you with a +0 great sword!
* * * LOW HITPOINT WARNING * * *
Okay, then.
You completely miss the death knight.
The death knight is moderately wounded.
You howl as the wereblood boils in your veins!
You punch the death knight! You freeze the death knight.
The death knight is heavily wounded.
The death knight reflects your damage back at you!
* * * LOW HITPOINT WARNING * * *
The death knight hits you with a +0 great sword!!
You die...

.≈. #≈≈~P♣#.
♣..♣♣♣♣.♣♣♣♣..♣#♣♣P~♣#.
♣....)[...♣ ♣♣♣~#. #
##'## ### ♣P~♣#. ♣.
#...#♣♣.♣♣ ♣♣~P♣#.
.!.♣♣...♣♣...♣♣♣~♣♣♣#.
....'<8>'.......~P~...
..♣♣...♣♣...♣♣~≈~P~#.
#Y..#♣♣.♣♣#♣~♣♣~#.
#######p####### ♣♣♣♣~#.
.......Do...... ♣♣♣~#.
.♣♣♣♣♣...♣♣♣♣♣.#♣♣P~♣#.
♣c♣.♣ #≈≈~P♣#. ♣. .♣
#♣♣.♣♣#. .. §. #######.
### ### #.......
#....##.


You could see a death knight (reflects damage), a steam dragon and an orc wizard
(invisible).

Vanquished Creatures
  A tengu warrior (D:7)
  Pikel (D:8)
  A deep elf pyromancer (D:7)
  2 wyverns (D:8)
  The ghost of Flarelocke the Shield-Bearer, an amateur MiFi of Trog (D:4)
  A steam dragon (D:7)
  A water moccasin (D:6)
  An ice beast (D:8)
  An orc warrior (D:8)
  2 black bears
  2 ogres
  4 centaurs
  2 lemures (D:8)
  2 phantoms (D:4)
  2 kobold brigands
  2 bullfrogs
  2 necrophages
  2 gnoll sergeants (D:7)
  2 scorpions
  A wight (D:8)
  5 killer bees (D:8)
  A howler monkey (D:8)
  A crimson imp (D:5)
  11 orc priests
  3 hounds
  4 iguanas
  7 orc wizards
  8 gnolls
  16 adders
  A river rat (Sewer)
  3 shadow imps
  An ufetubus (D:4)
  2 worms
  4 dart slugs
  33 orcs
  12 ball pythons
  8 endoplasms
  3 giant cockroaches
  A hobgoblin (D:2)
  3 jackals (D:5)
  6 quokkas
  2 bats
  3 frilled lizards
  8 goblins
  15 kobolds
  16 rats
210 creatures vanquished.

Vanquished Creatures (others)
  8 plants (D:8)
8 creatures vanquished.

Grand Total: 218 creatures vanquished

Notes
Turn   | Place    | Note
-------+----------+-------------------------------------------
     0 | D:1      | zenocrate the Octopode Transmuter began the quest for the
                  | Orb.
     0 | D:1      | Reached XP level 1. HP: 13/13 MP: 3/3
   165 | D:1      | Reached skill level 1 in Stealth
   354 | D:1      | Found a faded altar of an unknown god.
   359 | D:1      | Reached XP level 2. HP: 15/18 MP: 3/5
   365 | D:1      | Prayed at the altar of an unknown god.
   365 | D:1      | Became a worshipper of the Shining One
   365 | D:1      | Reached * piety under the Shining One
  1368 | D:2      | Reached XP level 3. HP: 23/23 MP: 4/6
  1371 | D:2      | Learned a level 2 spell: Wereblood
  1375 | D:2      | Learned a level 3 spell: Spider Form
  1678 | D:2      | Reached skill level 2 in Fighting
  1782 | D:2      | Found a burning altar of Makhleb.
  1806 | D:2      | Reached XP level 4. HP: 29/29 MP: 2/7
  3090 | D:4      | Found a staircase to the Ecumenical Temple.
  3171 | D:4      | Noticed a phantom
  3182 | D:4      | Killed a phantom
  3183 | D:4      | Reached skill level 3 in Fighting
  3183 | D:4      | Reached XP level 5. HP: 36/36 MP: 3/8
  3311 | D:4      | Reached XP level 6. HP: 25/43 MP: 5/9
  3336 | D:4      | Reached ** piety under the Shining One
  3641 | D:4      | Reached skill level 4 in Fighting
  3650 | D:4      | Found a glowing drain.
  3663 | Sewer    | Entered a sewer
  4221 | Sewer    | Reached skill level 5 in Transmutations
  4221 | Sewer    | Reached XP level 7. HP: 30/49 MP: 7/10
  4383 | Sewer    | Learned a level 4 spell: Ice Form
  4550 | D:4      | Reached skill level 5 in Fighting
  4550 | D:4      | Reached skill level 1 in Poison Magic
  4765 | D:4      | Found a large runed translucent door.
  4767 | D:4      | Found a large runed translucent door.
  4767 | D:4      | Noticed Flarelocke's ghost (amateur MiFi)
  5065 | D:4      | The Shining One protects you from harm!
  5067 | D:4      | Killed Flarelocke's ghost
  5462 | D:5      | Entered Level 5 of the Dungeon
  5764 | D:5      | Reached skill level 6 in Fighting
  5764 | D:5      | Reached XP level 8. HP: 40/57 MP: 11/11
  6876 | D:5      | Found a radiant altar of Vehumet.
  6876 | D:5      | Found a burning altar of Makhleb.
  7020 | D:6      | Learned a level 1 spell: Apportation
  7108 | D:6      | Reached skill level 1 in Ice Magic
  7174 | D:6      | Reached skill level 7 in Fighting
  8060 | D:6      | Reached XP level 9. HP: 56/66 MP: 6/12
  8070 | D:6      | Reached skill level 8 in Fighting
  8165 | D:6      | Found a hide-covered altar of Uskayaw.
  8191 | D:6      | Found an iron altar of Okawaru.
  8191 | D:6      | Found a snail-covered altar of Cheibriados.
  8191 | D:6      | Found a glowing golden altar of the Shining One.
  8191 | D:6      | Found a hazy altar of Hepliaklqana.
  8192 | D:6      | Found an ornate altar of the Wu Jian Council.
  8195 | D:6      | Found a shimmering blue altar of Sif Muna.
  8259 | D:7      | Reached *** piety under the Shining One
  8738 | D:7      | Reached skill level 5 in Unarmed Combat
  9864 | D:8      | Reached skill level 9 in Fighting
 10076 | D:8      | Noticed Pikel
 10088 | D:8      | Killed Pikel
 10089 | D:8      | Reached XP level 10. HP: 64/75 MP: 6/13
 10227 | D:8      | Noticed a centaur warrior
 10229 | D:8      | Noticed a kobold demonologist
 10302 | D:8      | Noticed a tengu warrior
 10303 | D:8      | Noticed a deep elf pyromancer
 10332 | D:7      | Killed a tengu warrior
 10333 | D:7      | Reached skill level 10 in Fighting
 10333 | D:7      | Reached skill level 5 in Ice Magic
 10633 | D:7      | Killed a deep elf pyromancer
 10812 | D:8      | Reached **** piety under the Shining One
 10910 | D:8      | Noticed a death knight
 10922 | D:8      | Slain by a death knight

Illustrated notes

Levels and vault maps discovered:
D:1:      dpeg_arrival_prison, layout_loops_corners,
          chequers_ecumenical_altar_island, chequers_serial_rivers_small_3
D:2:      minmay_wonky_spiral, layout_basic, basic_altar, minmay_door_square,
          st_stairs_9, minmay_pentomino_v2
D:3:      layout_basic, minmay_shallow_snake_nest
D:4:      layout_cave_pools, minmay_temple_entry_mini_moons,
          ebering_ghost_disaster_area, portal_sewer_entry_d, minivault_24
D:5:      layout_gridville, grunt_temple_overflow_lords_of_destruction,
          lightli_ossuary_entry_decrepit_ruins, fountainhead
D:6:      layout_loops_ring, minitemple
D:7:      layout_cave_pods
D:8:      nzn_winding_woodlands_stair_cross
          [nzn_winding_woodlands_5x15_split_checker,
          nzn_winding_woodlands_center_diamonds, nzn_winding_woodlands_5x15_eye,
          nzn_winding_woodlands_5x5_default,
          nzn_winding_woodlands_5x5_open_star,
          nzn_winding_woodlands_5x15_concentric,
          nzn_winding_woodlands_center_garden,
          nzn_winding_woodlands_5x15_lazy_stream], layout_rooms,
          onia_ninara_dug_in_and_dangerous, uniq_pikel

Skill      XL: |  1  2  3  4  5  6  7  8  9 10 |
---------------+-------------------------------+-----
Stealth        | 1 |  1.7
Fighting       | 2 3 4 6 7 9 10 | 10.9
Transmutations | 3 4 5 6 |  6.1
Poison Magic   | 2 |  2.1
Unarmed Combat | 4 6 7 |  7.8
Ice Magic      | 3 5 |  5.2
Dodging        | |  2.0
Spellcasting   | |  2.0

Action                   |  1- 3 |  4- 6 |  7- 9 | 10-12 || total
-------------------------+-------+-------+-------+-------++-------
Melee: Unarmed           |    63 |   108 |   233 |    58 ||   462
       Constrict         |    23 |    37 |    68 |       ||   128
       Kick              |    17 |    46 |    83 |       ||   146
       Tentacles         |    13 |    20 |    53 |       ||    86
       Punch             |       |     4 |    13 |     2 ||    19
 Cast: Beastly Appendage |    26 |    28 |    39 |       ||    93
       Wereblood         |     8 |    27 |    39 |     3 ||    77
       Ice Form          |       |       |     2 |     4 ||     6
Invok: Divine Shield     |       |       |     1 |       ||     1
Evoke: Wand              |       |     1 |       |       ||     1
  Use: Scroll            |       |     7 |     4 |       ||    11
       Potion            |       |       |     2 |     5 ||     7
 Stab: Sleeping          |     1 |       |       |       ||     1
Armor: Skin              |     4 |     7 |    15 |    37 ||    63
Dodge: Dodged            |    46 |    91 |   189 |    58 ||   384
Block: Other             |       |       |     3 |       ||     3
